 Dungeon Crawl Stone Soup version 0.21-a0-39-g28ea6b7 (webtiles) character file.

624 HereIgoKillingAgain the Ruffian (level 7, 0/47 HPs)
             Began as an Octopode Gladiator on May 31, 2017.
             Was an Initiate of Wu Jian.
             Shot with an arrow by a centaur (9 damage)
             ... on level 5 of the Dungeon.
             The game lasted 00:04:57 (4928 turns).

HereIgoKillingAgain the Ruffian (OpGl)              Turns: 4928, Time: 00:04:57

Health: 0/47       AC:  1    Str: 15      XL:     7   Next: 47%
Magic:  9/9        EV: 15    Int: 10 (11) God:    Wu Jian [......]
Gold:   96         SH:  3    Dex: 14 (15) Spells: 6/6 levels left

rFire    . . .     SeeInvis .     - Unarmed
rCold    . . .     Gourm    .   (no shield)
rNeg     . . .     Faith    .   a - +0 hat
rPois    +         Spirit   .   p - +3 amulet of reflection
rElec    .         Reflect  +   j - ring of poison resistance
rCorr    .         Harm     .   h - +2 ring of dexterity (curse)
MR       .....                  (no ring)
Stlth    ++........             (no ring)
Regen    0.2/turn               (no ring)
MPRegen  0.2/turn               (no ring)
                                (no ring)
                                (no ring)

@: no status effects
A: almost no armour, stealthy swim, amphibious, 8 rings, constrict 8, camouflage
1, gelatinous body 1
a: Renounce Religion


You were on level 5 of the Dungeon.
You worshipped Wu Jian.
Wu Jian was noncommittal.
You were hungry.

You visited 2 branches of the dungeon, and saw 6 of its levels.

You collected 229 gold pieces.
You spent 133 gold pieces at shops.

Inventory:

Missiles
 b - 2 throwing nets (quivered)
Armour
 a - a +0 hat (worn)
Jewellery
 h - a cursed +2 ring of dexterity (right tentacle)
 j - a ring of poison resistance (left tentacle)
 p - a +3 amulet of reflection (around mantle)
Wands
 q - a wand of polymorph (9/24)
Scrolls
 d - a scroll of fear
 f - a scroll of remove curse
 g - a scroll of enchant armour
 k - a scroll of recharging
 l - a scroll of fog
 m - 2 scrolls of amnesia
 r - 2 scrolls of teleportation
 t - a scroll of blinking {unknown}
Potions
 i - 2 potions of curing
 o - a potion of brilliance
Books
 s - a book of Minor Magic

   Spells                             Type                      Level
   a - Magic Dart                     Conjuration                  1
   b - Blink                          Translocation                2
   c - Call Imp                       Summoning                    2
   d - Slow                           Hexes                        2
   e - Conjure Flame                  Conjuration/Fire             3
   f - Mephitic Cloud                 Conjuration/Poison/Air       3
Comestibles
 c - a bread ration
 n - 2 meat rations
 u - a royal jelly
 v - 7 fruits


   Skills:
 + Level 3.8 Fighting
 + Level 3.4 Throwing
 + Level 4.2 Dodging
 * Level 5.4 Unarmed Combat
 * Level 3.5 Evocations


You had 6 spell levels left.
You didn't know any spells.

Dungeon Overview and Level Annotations

Branches:
Dungeon (5/15)             Temple (1/1) D:4

Altars:
Cheibriados
Dithmenos
Elyvilon
Fedhas
Gozag
Hepliaklqana
Kikubaaqudgha
Nemelex Xobeh
Okawaru
Ru
Trog
Uskayaw
Wu Jian
Zin
The Shining One

Shops:
D:4 *


Innate Abilities, Weirdness & Mutations

You cannot wear most types of armour.
You are very stealthy in the water. (Stealth+)
You are amphibious.
You can wear up to eight rings at the same time.
You can use your tentacles to constrict eight enemies at once.
Your skin changes colour to match your surroundings (Stealth+).
Your rubbery body absorbs attacks. (AC +1, EV +1)


Message History

The centaur shouts!
The centaur wields a shortbow.
The centaur shoots an arrow.
The arrow hits you!
Found a scroll of remove curse.
You see here an arrow.
There are monsters nearby!
The centaur shoots an arrow.
The arrow closely misses you.
You see here an arrow.
There are monsters nearby!
The centaur shoots an arrow.
The arrow hits you!
You see here an arrow.
The centaur shoots an arrow.
The arrow hits you!
You see here 2 arrows.
The centaur shoots an arrow.
You reflect the arrow off an invisible shield around you!
The arrow hits the centaur!
The centaur shoots an arrow.
The arrow hits you!
* * * LOW HITPOINT WARNING * * *
The centaur shoots an arrow.
The arrow barely misses you.
The centaur shoots an arrow.
The arrow hits you!
You die...

## .?
#.###########.##..
#..a...((.....c..#
##########@####...
####..# #.....#
##.#.#.#
####......#
.......#.#.#
######...[.#
####.### #......#


You could see a centaur and a worker ant (sleeping).

Vanquished Creatures
  The ghost of Narsil the Changer, an amateur OpTm (D:4)
  A phantom (D:5)
  A howler monkey (D:4)
  A hound (D:4)
  2 orc priests (D:4)
  An iguana (D:4)
  Ijyb (D:3)
  A worker ant (D:4)
  A hound skeleton (D:4)
  3 gnolls
  An ooze (D:2)
  2 adder skeletons (D:4)
  4 worms
  3 dart slugs
  5 leopard geckos
  5 orcs (D:4)
  5 giant cockroaches
  12 hobgoblins
  6 jackals (D:4)
  A ball python (D:4)
  4 bats
  6 frilled lizards
  12 goblins
  A jackal skeleton (D:4)
  4 kobolds
  A leopard gecko skeleton (D:4)
  3 rats
88 creatures vanquished.

Notes
Turn   | Place    | Note
-------+----------+-------------------------------------------
     0 | D:1      | HereIgoKillingAgain the Octopode Gladiator began the quest for the Orb.
     0 | D:1      | Reached XP level 1. HP: 14/14 MP: 1/1
   146 | D:1      | Reached XP level 2. HP: 3/19 MP: 2/2
   897 | D:1      | Reached XP level 3. HP: 24/24 MP: 3/3
  1669 | D:2      | Reached XP level 4. HP: 22/30 MP: 4/4
  2001 | D:3      | Reached skill level 4 in Unarmed Combat
  2296 | D:3      | Noticed Ijyb
  2349 | D:3      | Killed Ijyb
  2974 | D:4      | Reached XP level 5. HP: 34/36 MP: 5/5
  3086 | D:4      | Found a staircase to the Ecumenical Temple.
  3113 | Temple   | Entered the Ecumenical Temple
  3326 | Temple   | Became a worshipper of the Wu Jian Council
  3417 | D:4      | Reached skill level 1 in Evocations
  3464 | D:4      | Reached XP level 6. HP: 27/42 MP: 7/7
  3844 | D:4      | Noticed Narsil's ghost (amateur OpTm)
  3865 | D:4      | Killed Narsil's ghost
  3865 | D:4      | Reached skill level 5 in Unarmed Combat
  4061 | D:4      | Reached XP level 7. HP: 44/46 MP: 7/9
  4397 | D:4      | Found Efruhoip's General Store.
  4405 | D:4      | Bought a scroll of teleportation for 42 gold pieces
  4405 | D:4      | Bought a scroll of identify for 28 gold pieces
  4405 | D:4      | Bought a cursed +2 ring of dexterity for 63 gold pieces
  4437 | D:5      | Entered Level 5 of the Dungeon
  4928 | D:5      | Shot with an arrow by a centaur

Vault maps used:
D:1:      dpeg_chamrin_arrival_tetris
D:2:      nicolae_overflow_hidden_temple, minmay_small_reverse_x
D:3:      uniq_ijyb
D:4:      minmay_temple_entry_steel_oval, serial_shops,
          nicolae_shop_behind_doors
D:5:      kennysheep_spiral_hall, first_bread, serial_glass, glass_columns_a,
          glass_columns_a, glass_columns_b, glass_columns_b, glass_columns_a,
          glass_columns_a
Temple:   regret_index_temple_generic_petals

Skill      XL: |  1  2  3  4  5  6  7 |
---------------+----------------------+-----
Unarmed Combat | 4 5 |  5.4
Fighting       | 3 |  3.8
Evocations     | 1 2 3 |  3.5
Throwing       | 3 |  3.4
Dodging        | 4 |  4.2

Action                   |  1- 3 |  4- 6 |  7- 9 || total
-------------------------+-------+-------+-------++-------
Melee: Unarmed           |    83 |   138 |    54 ||   275
       Constrict         |    27 |    32 |    11 ||    70
       Tentacles         |    18 |    22 |    13 ||    53
       Punch             |     2 |     3 |     2 ||     7
Throw: Throwing net      |       |     3 |       ||     3
  Use: Potion            |       |     5 |     1 ||     6
       Scroll            |       |     6 |     1 ||     7
 Stab: Sleeping          |     6 |     3 |       ||     9
       Held in net/web   |       |     2 |       ||     2
  Eat: Bread ration      |     1 |     1 |       ||     2
       Chunk             |       |     2 |     1 ||     3
Armor: Skin              |     5 |    10 |     2 ||    17
Dodge: Dodged            |    47 |   110 |    29 ||   186
Block: Other             |       |     9 |     8 ||    17
       Reflection        |       |       |     1 ||     1
